 Dungeon Crawl Stone Soup version 0.26.1-2-gb8aa6d0cf2 (webtiles) character file.

Game seed: 4689970004703665725

2 Groucho the Sneak (level 1, -1/9 HPs)
             Began as a Spriggan Enchanter on Feb 22, 2021.
             Killed from afar by Natasha (5 damage)
             ... with a magic dart
             ... on level 3 of the Dungeon.
             The game lasted 00:01:21 (730 turns).

Groucho the Sneak (Spriggan Enchanter)               Turns: 730, Time: 00:01:21

Health: -1/9       AC:  2    Str:  4    XL:     1   Next: 25%
Magic:  5/5        EV: 18    Int: 16    God:
Gold:   8          SH:  0    Dex: 16    Spells: 4/5 levels left

rFire    . . .     SeeInvis +   a - +1 dagger
rCold    . . .     Faith    .   (shield restricted)
rNeg     . . .     Spirit   .   b - +0 robe
rPois    .         Reflect  .   (helmet restricted)
rElec    .         Harm     .   (no cloak)
rCorr    .         Rampage  .   (gloves unavailable)
Will     .....                  (boots unavailable)
Stlth    +++.......             (no amulet)
HPRegen  0.03/turn              (no ring)
MPRegen  0.09/turn              (no ring)

@: slowed, quick
A: very small, unfitting armour, see invisible, speed 3
a: no special abilities


You were on level 3 of the Dungeon.
You visited 1 branch of the dungeon, and saw 3 of its levels.

You collected 8 gold pieces.

Inventory:

Hand Weapons
 a - a +1 dagger (weapon)
Missiles
 c - 11 stones (quivered)
Armour
 b - a +0 robe (worn)
Wands
 f - a wand of acid (4)
Scrolls
 e - a scroll of teleportation {unknown}
Potions
 d - a potion of curing {unknown}
 g - a potion of invisibility {unknown}


   Skills:
 - Level 1.1 Short Blades
 - Level 3.0 Dodging
 + Level 4.6 Stealth
 - Level 2.6 Spellcasting
 - Level 3.6 Hexes


You had 4 spell levels left.
You knew the following spells:

 Your Spells              Type           Power        Failure   Level
a - Corona                Hex            14%          4%          1

Your spell library contained the following spells:

 Spells                   Type           Power        Failure   Level
 Confusing Touch          Hex            13%          13%         3
 Tukima's Dance           Hex            13%          13%         3
 Ensorcelled Hibernation  Hex/Ice        14%          14%         2
 Dazzling Flash           Conj/Hex       14%          28%         3


Dungeon Overview and Level Annotations

Branches:
Dungeon (3/15)

Altars:

Annotations:
D:2 Terence
D:3 Natasha


Innate Abilities, Weirdness & Mutations

You are very small and have problems with some larger weapons.
You are too small for most types of armour.
You have supernaturally acute eyesight. (SInv)
You cover ground extremely quickly.


Message History

You feel yourself slow down.
You barely miss Natasha. Natasha closely misses you.
You barely miss Natasha. Natasha barely misses you.
Natasha stares at you and mumbles some strange words.
You feel as though you will be slow longer.
You barely miss Natasha. Natasha misses you.
You hit Natasha but do no damage.
Natasha stares at you and mumbles some strange words.
The magic dart hits you.
Ouch! That really hurt!
You are too injured to fight recklessly!
You are too injured to fight recklessly!
You are too injured to fight recklessly!
You are too injured to fight recklessly!
Unknown command.
Natasha mumbles some strange words.
Natasha casts a spell at you. The magic dart hits you.
Ouch! That really hurt!
You die...

..... #......##..#.#..#. #...#
####.####......... #...# #.#
######...# #...# #.# #....
#...# ####.### #####...# #...#
#......# #.......#
#####...######.#.##.###.......#
...........5...#.....##.......#
...........h..@...#.>#........#
.....................#........#
#####...########.###.#........#
#...# #.# #.#........# #...#
#.# #.#.######## #...#
#.###.#.......# #...#
#........####.# ##.##.#..# #.##
#.##.#..# #...


You could see Natasha and a white imp (summoned).

Vanquished Creatures
  A kobold (D:1)
  A frilled lizard (D:1)
2 creatures vanquished.

Notes
Turn   | Place    | Note
-------+----------+-------------------------------------------
     0 | D:1      | Groucho the Spriggan Enchanter began the quest for the Orb.
     0 | D:1      | Reached XP level 1. HP: 9/9 MP: 5/5
   556 | D:2      | Noticed Terence
   715 | D:3      | Noticed Natasha
   730 | D:3      | Killed from afar by Natasha

Illustrated notes

Levels and vault maps discovered:
D:1:      minmay_arrival_jagged, layout_basic, solitary_fountain, minmay_unequal
D:2:      layout_basic, minitemple, chequers_ecumenical_altar_simple_redux,
          serial_co_window_serial, co_window_paths_a, co_window_paths_a,
          co_window_paths_a, co_window_paths_b, co_window_corner_a,
          co_window_of_opportunity_a, co_window_broadway_c,
          co_window_of_opportunity_b, co_window_broadway_c, co_window_paths_d,
          glass_columns_b, glass_columns_c, uniq_terence
D:3:      layout_loops_cross, uniq_natasha, uniq_robin, uniq_crazy_yiuf_cottage

Action                   || total
-------------------------++-------
Melee: Dagger            ||    10
Throw: Stone             ||     2
Dodge: Dodged            ||    12
